TOP OF THE 1ST |
Hartford Yard Goats batting - Pitching for South Bend Cubs : RHP Melvin Orengo
|
Pitching: RHP Melvin Orengo
|
|
Batting: RHB Zakhar Edelman
|
0-0: Ball 1-0: Ground out 6-3 (Groundball, 6, EV 101.9 MPH)
|
Batting: LHB Mick Tucker
|
0-0: Ball 1-0: Ball 2-0: Ball 3-0: Called Strike 3-1: Base on Balls
|
Batting: RHB Andy Rayer
|
0-0: Called Strike 0-1: Called Strike 0-2: Ball 1-2: Foul Ball, location: 2F 1-2: Ball 2-2: Foul Ball, location: 2F 2-2: Strikes out swinging
|
Batting: RHB John Corfield
|
0-0: Ball 1-0: Fly out, F8 (Flyball, 8LD, EV 108.8 MPH)
|
Top of the 1st over - 0 runs, 0 hits, 0 errors, 1 left on base; Hartford 0 - South Bend 0 |
BOTTOM OF THE 1ST |
South Bend Cubs batting - Pitching for Hartford Yard Goats : LHP Jason Peck
|
Pitching: LHP Jason Peck
|
|
Batting: RHB Andy Huntley
|
0-0: Ball 1-0: Ball 2-0: Ball 3-0: Base on Balls
|
Batting: LHB Kwang-chih Men
|
0-0: Ball 1-0: Called Strike 1-1: Ball 2-1: Foul Ball, location: 2F 2-2: DOUBLE (Flyball, 78D, EV 106.2 MPH) Andy Huntley to third
|
Batting: RHB Taylor Garofalo
|
0-0: Ball 1-0: Ball 2-0: Foul Ball, location: 2F 2-1: Ball 3-1: Base on Balls
|
Batting: RHB Roy Battist
|
0-0: Ball 1-0: Fielders Choice at 2nd, 3-6 (Groundball, 3, EV 86.9 MPH) Andy Huntley scores Kwang-chih Men to third
|
Batting: RHB Han-seung Hah
|
0-0: Ball 1-0: Fielders Choice at 2nd, 5-4 (Groundball, 56, EV 88.8 MPH) Kwang-chih Men scores
|
Batting: RHB Juan Bonilla
|
0-0: Ball 1-0: Foul Ball, location: 2F 1-1: Ball 2-1: Foul Ball, location: 2F 2-2: Strikes out swinging
|
Bottom of the 1st over - 2 runs, 1 hit, 0 errors, 1 left on base; Hartford 0 - South Bend 2 |
TOP OF THE 2ND |
Hartford Yard Goats batting - Pitching for South Bend Cubs : RHP Melvin Orengo
|
Batting: LHB Georges Lambert
|
0-0: Ball 1-0: Foul Ball, location: 2F 1-1: Foul Ball, location: 2F 1-2: Ball 2-2: Ball 3-2: TRIPLE (Groundball, 5L, EV 101.9 MPH)
|
Batting: SHB Craig Ruzic
|
0-0: Fly out, F6 (Popup, 6MS, EV 71.9 MPH)
|
Batting: RHB Manny Thompson
|
0-0: Called Strike 0-1: Ball 1-1: Ball 2-1: Foul Ball, location: 2F 2-2: Foul Ball, location: 2F 2-2: Ball 3-2: Foul Ball, location: 2F 3-2: Base on Balls
|
Batting: SHB Justin Jackson
|
0-0: Ball 1-0: Foul Ball, location: 2F 1-1: Ball 2-1: Called Strike 2-2: Grounds into double play, 4-6-3 (Groundball, 4, EV 85.6 MPH)
|
Top of the 2nd over - 0 runs, 1 hit, 0 errors, 1 left on base; Hartford 0 - South Bend 2 |
BOTTOM OF THE 2ND |
South Bend Cubs batting - Pitching for Hartford Yard Goats : LHP Jason Peck
|
Batting: RHB Denis Rachin
|
0-0: Ball 1-0: Fly out, F8 (Flyball, 8LD, EV 93.1 MPH)
|
Batting: LHB Adam Conover
|
0-0: Foul Ball, location: 2F 0-1: Fly out, F7 (Line Drive, 7D, EV 91.2 MPH)
|
Batting: RHB Hugo Torrez
|
0-0: Ball 1-0: Swinging Strike 1-1: Swinging Strike 1-2: Fly out, F9 (Flyball, 9S, EV 85.6 MPH)
|
Bottom of the 2nd over - 0 runs, 0 hits, 0 errors, 0 left on base; Hartford 0 - South Bend 2 |
TOP OF THE 3RD |
Hartford Yard Goats batting - Pitching for South Bend Cubs : RHP Melvin Orengo
|
Batting: RHB Ighlas Mwara
|
0-0: SINGLE (Line Drive, 34, EV 103.1 MPH)
|
Batting: RHB Zakhar Edelman
|
0-0: Ball 1-0: Foul Ball, location: 2F 1-1: Swinging Strike 1-2: Ball 2-2: Reached on error, E6 (Groundball, 6, EV 101.9 MPH) Ighlas Mwara to second
|
Batting: LHB Mick Tucker
|
0-0: Called Strike 0-1: Ball 1-1: Foul Ball, location: 2F 1-2: Foul Ball, location: 2F 1-2: Ball 2-2: Foul Ball, location: 2F 2-2: Ball 3-2: Foul Ball, location: 2F 3-2: Foul Ball, location: 2F 3-2: Base on Balls Ighlas Mwara to third Zakhar Edelman to second
|
Batting: RHB Andy Rayer
|
0-0: Ball 1-0: Reached on error, E1 (Groundball, 13, EV 68.1 MPH) Ighlas Mwara scores Zakhar Edelman to third Mick Tucker to second
|
Batting: RHB John Corfield
|
0-0: Foul Ball, location: 2F 0-1: Foul Ball, location: 2F 0-2: Ball 1-2: Ball 2-2: Ball 3-2: Fly out, F7 (Flyball, 7S, EV 85.0 MPH)
|
Batting: LHB Georges Lambert
|
0-0: Ball 1-0: Ground out 6-3 (Groundball, 56D, EV 107.5 MPH) Zakhar Edelman scores Mick Tucker to third Andy Rayer to second
|
Batting: SHB Craig Ruzic
|
0-0: Ball 1-0: Called Strike 1-1: Ball 2-1: Ball 3-1: Base on Balls
|
Batting: RHB Manny Thompson
|
0-0: Ball 1-0: GRAND SLAM HOME RUN (Flyball, 89XD, EV 108.1 MPH), Distance : 404 ft
|
Pitching: RHP Velimir Sljivancanin
|
|
Batting: SHB Justin Jackson
|
0-0: Called Strike 0-1: Ball 1-1: Foul Ball, location: 2F 1-2: Foul Ball, location: 2F 1-2: Strikes out swinging
|
Top of the 3rd over - 6 runs, 2 hits, 2 errors, 0 left on base; Hartford 6 - South Bend 2 |
BOTTOM OF THE 3RD |
South Bend Cubs batting - Pitching for Hartford Yard Goats : LHP Jason Peck
|
Batting: RHB Andy Huntley
|
0-0: Ball 1-0: Foul Ball, location: 2F 1-1: Fly out, F6 (Line Drive, 6D, EV 77.5 MPH)
|
Batting: LHB Kwang-chih Men
|
0-0: Ball 1-0: Ball 2-0: Fly out, F8 (Flyball, 8LXD, EV 111.2 MPH)
|
Batting: RHB Taylor Garofalo
|
0-0: Ball 1-0: Ball 2-0: Ball 3-0: Base on Balls
|
Batting: RHB Roy Battist
|
Pickoff Throw to First - Out! 1-3
|
Bottom of the 3rd over - 0 runs, 0 hits, 0 errors, 0 left on base; Hartford 6 - South Bend 2 |
TOP OF THE 4TH |
Hartford Yard Goats batting - Pitching for South Bend Cubs : RHP Velimir Sljivancanin
|
Batting: RHB Ighlas Mwara
|
0-0: Foul Ball, location: 2F 0-1: Ball 1-1: Foul Ball, location: 2F 1-2: Ball 2-2: Strikes out swinging
|
Batting: RHB Zakhar Edelman
|
0-0: Ball 1-0: Foul Ball, location: 2F 1-1: Ball 2-1: Called Strike 2-2: Strikes out swinging
|
Batting: LHB Mick Tucker
|
0-0: Foul Ball, location: 2F 0-1: Swinging Strike 0-2: Ball 1-2: Strikes out swinging
|
Top of the 4th over - 0 runs, 0 hits, 0 errors, 0 left on base; Hartford 6 - South Bend 2 |
BOTTOM OF THE 4TH |
South Bend Cubs batting - Pitching for Hartford Yard Goats : LHP Jason Peck
|
Batting: RHB Roy Battist
|
0-0: Ball 1-0: Ball 2-0: Ball 3-0: Base on Balls
|
Batting: RHB Han-seung Hah
|
0-0: Ball 1-0: Ball 2-0: Ball 3-0: Called Strike 3-1: Base on Balls Roy Battist to second
|
Batting: RHB Juan Bonilla
|
0-0: Ball 1-0: Called Strike 1-1: Ball 2-1: Ball 3-1: Grounds into double play, 4-6-3 (Groundball, 4, EV 85.0 MPH) Roy Battist to third
|
Batting: RHB Denis Rachin
|
0-0: Ball 1-0: Called Strike 1-1: Ball 2-1: Ground out 5-3 (Groundball, 56, EV 85.6 MPH)
|
Bottom of the 4th over - 0 runs, 0 hits, 0 errors, 1 left on base; Hartford 6 - South Bend 2 |
TOP OF THE 5TH |
Hartford Yard Goats batting - Pitching for South Bend Cubs : RHP Velimir Sljivancanin
|
Batting: RHB Andy Rayer
|
0-0: Ball 1-0: Foul Ball, location: 2F 1-1: Foul Ball, location: 2F 1-2: Fly out, F7 (Flyball, 78M, EV 89.4 MPH)
|
Batting: RHB John Corfield
|
0-0: Ball 1-0: Called Strike 1-1: Foul Ball, location: 2F 1-2: Strikes out swinging
|
Batting: LHB Georges Lambert
|
0-0: Ball 1-0: Called Strike 1-1: Foul Ball, location: 2F 1-2: Strikes out swinging
|
Top of the 5th over - 0 runs, 0 hits, 0 errors, 0 left on base; Hartford 6 - South Bend 2 |
BOTTOM OF THE 5TH |
South Bend Cubs batting - Pitching for Hartford Yard Goats : LHP Jason Peck
|
Batting: LHB Adam Conover
|
0-0: Ground out 4-3 (Groundball, 34, EV 97.5 MPH)
|
Batting: RHB Hugo Torrez
|
0-0: Called Strike 0-1: Ball 1-1: Ball 2-1: Ball 3-1: Base on Balls
|
Batting: RHB Andy Huntley
|
0-0: Called Strike 0-1: Ball 1-1: Swinging Strike 1-2: Foul Ball, location: 2F 1-2: Ball 2-2: Ball 3-2: 2-RUN HOME RUN (Flyball, 7LD, EV 96.9 MPH), Distance : 371 ft
|
Batting: LHB Kwang-chih Men
|
0-0: DOUBLE (Flyball, 8RXD, EV 106.2 MPH)
|
Batting: RHB Taylor Garofalo
|
0-0: Ball 1-0: Ball 2-0: Ball 3-0: Called Strike 3-1: 2-RUN HOME RUN (Flyball, 78XD, EV 108.8 MPH), Distance : 411 ft
|
Pitching: RHP Curt De Kock
|
|
Batting: RHB Roy Battist
|
0-0: Ball 1-0: Ground out 4-3 (Groundball, 4, EV 78.1 MPH)
|
Batting: RHB Han-seung Hah
|
0-0: Ground out 6-3 (Groundball, 56, EV 104.4 MPH)
|
Bottom of the 5th over - 4 runs, 3 hits, 0 errors, 0 left on base; Hartford 6 - South Bend 6 |
TOP OF THE 6TH |
Hartford Yard Goats batting - Pitching for South Bend Cubs : RHP Velimir Sljivancanin
|
Batting: SHB Craig Ruzic
|
0-0: DOUBLE (Line Drive, 9LS, EV 101.2 MPH)
|
Batting: RHB Manny Thompson
|
0-0: Ball 1-0: SINGLE (Groundball, 6MD, EV 106.9 MPH) Craig Ruzic to third
|
Batting: SHB Justin Jackson
|
0-0: Ball 1-0: Ball 2-0: Foul Ball, location: 2F 2-1: Ball 3-1: Ground out 6-3 (Groundball, 6M, EV 86.9 MPH) Manny Thompson to second
|
Batting: RHB Ighlas Mwara
|
0-0: Called Strike 0-1: Ball 1-1: Ball 2-1: Ball 3-1: Base on Balls
|
Pitching: RHP Trevor Woodbury
|
|
Batting: RHB Zakhar Edelman
|
0-0: Ball 1-0: Ball 2-0: Ball 3-0: Called Strike 3-1: Swinging Strike 3-2: Base on Balls Craig Ruzic scores Manny Thompson to third Ighlas Mwara to second
|
Batting: LHB Mick Tucker
|
0-0: Foul Ball, location: 2F 0-1: Ball 1-1: Swinging Strike 1-2: Ball 2-2: Foul Ball, location: 2F 2-2: Foul Ball, location: 2F 2-2: Strikes out swinging
|
Batting: RHB Andy Rayer
|
0-0: Ball 1-0: Called Strike 1-1: Ball 2-1: Foul Ball, location: 2F 2-2: Ball 3-2: Base on Balls Manny Thompson scores Ighlas Mwara to third Zakhar Edelman to second
|
Batting: RHB John Corfield
|
0-0: Ball 1-0: Ball 2-0: Hit by Pitch Ighlas Mwara scores Zakhar Edelman to third Andy Rayer to second
|
Batting: LHB Georges Lambert
|
0-0: Swinging Strike 0-1: Swinging Strike 0-2: Strikes out swinging
|
Top of the 6th over - 3 runs, 2 hits, 0 errors, 3 left on base; Hartford 9 - South Bend 6 |
BOTTOM OF THE 6TH |
South Bend Cubs batting - Pitching for Hartford Yard Goats : RHP Curt De Kock
|
Batting: RHB Juan Bonilla
|
0-0: Ball 1-0: Ball 2-0: Ball 3-0: Called Strike 3-1: Foul Ball, location: 2F 3-2: Base on Balls
|
Batting: RHB Denis Rachin
|
0-0: Hit by Pitch Juan Bonilla to second
|
Batting: LHB Adam Conover
|
0-0: Called Strike 0-1: Ball 1-1: Ball 2-1: Called Strike 2-2: Fly out, F7 (Flyball, 78D, EV 100.0 MPH)
|
Batting: RHB Hugo Torrez
|
0-0: Foul Ball, location: 2F 0-1: Called Strike 0-2: Grounds into double play, 5-4-3 (Groundball, 56S, EV 85.6 MPH)
|
Bottom of the 6th over - 0 runs, 0 hits, 0 errors, 1 left on base; Hartford 9 - South Bend 6 |
TOP OF THE 7TH |
Hartford Yard Goats batting - Pitching for South Bend Cubs : RHP Trevor Woodbury
|
Pitching: LHP Tom Mooney
|
|
Batting: SHB Craig Ruzic
|
0-0: Ground out 5-3 (Groundball, 56, EV 88.8 MPH)
|
Batting: RHB Manny Thompson
|
0-0: Ball 1-0: SINGLE (Groundball, 6MD, EV 102.5 MPH)
|
Batting: SHB Justin Jackson
|
0-0: Foul Ball, location: 2F 0-1: Called Strike 0-2: Fielders Choice at 2nd, 5-4 (Groundball, 56, EV 98.1 MPH)
|
Batting: RHB Ighlas Mwara
|
0-0: Reached on error, E1 (Groundball, 13S, EV 67.5 MPH) Justin Jackson to second
|
Batting: RHB Zakhar Edelman
|
0-0: Called Strike 0-1: Fielders Choice at 2nd, 6-4 (Groundball, 6, EV 78.8 MPH)
|
Top of the 7th over - 0 runs, 1 hit, 1 error, 2 left on base; Hartford 9 - South Bend 6 |
BOTTOM OF THE 7TH |
South Bend Cubs batting - Pitching for Hartford Yard Goats : RHP Curt De Kock
|
Batting: RHB Andy Huntley
|
0-0: Ball 1-0: Ball 2-0: Called Strike 2-1: Foul Ball, location: 2F 2-2: Ball 3-2: Foul Ball, location: 2F 3-2: Foul Ball, location: 2F 3-2: Foul Ball, location: 2F 3-2: Base on Balls
|
Batting: LHB Kwang-chih Men
|
0-0: Called Strike 0-1: Ball 1-1: Fielders Choice at 2nd, 4-6 (Groundball, 4, EV 105.0 MPH)
|
Batting: RHB Taylor Garofalo
|
0-0: SINGLE (Groundball, 34D, EV 106.9 MPH) Kwang-chih Men to second Runner from 2nd tries for 3rd, SAFE, throw by RF made to third Taylor Garofalo to second
|
Batting: RHB Roy Battist
|
0-0: Called Strike 0-1: Swinging Strike 0-2: Ball 1-2: Ball 2-2: Strikes out looking
|
Pitching: RHP Lorenzo Pacheco
|
|
Batting: RHB Han-seung Hah
|
0-0: Swinging Strike 0-1: SINGLE (Line Drive, 78M, EV 93.8 MPH) Kwang-chih Men scores Taylor Garofalo to third Runner from 3rd tries for Home, SAFE, throw by CF to home
|
Batting: RHB Juan Bonilla
|
0-0: Ball 1-0: Swinging Strike 1-1: Foul Ball, location: 2F 1-2: Fly out, F4 (Popup, 3L, EV 65.6 MPH)
|
Bottom of the 7th over - 2 runs, 2 hits, 0 errors, 1 left on base; Hartford 9 - South Bend 8 |
TOP OF THE 8TH |
Hartford Yard Goats batting - Pitching for South Bend Cubs : LHP Tom Mooney
|
Batting: LHB Mick Tucker
|
0-0: Swinging Strike 0-1: SINGLE (Groundball, 4S, EV 63.8 MPH) (infield hit)
|
Batting: RHB Andy Rayer
|
0-0: Ball 1-0: Ball 2-0: Called Strike 2-1: Called Strike 2-2: Fielders Choice at 2nd, 4-6 (Groundball, 4M, EV 83.1 MPH)
|
Batting: RHB John Corfield
|
0-0: Fly out, F8 (Flyball, 8RM, EV 88.8 MPH)
|
Batting: LHB Georges Lambert
|
0-0: Ball 1-0: Fly out, F8 (Line Drive, 8RD, EV 103.1 MPH)
|
Top of the 8th over - 0 runs, 1 hit, 0 errors, 1 left on base; Hartford 9 - South Bend 8 |
BOTTOM OF THE 8TH |
South Bend Cubs batting - Pitching for Hartford Yard Goats : RHP Lorenzo Pacheco
|
Now at 1B: John Corfield
|
|
Now at 3B: Willie Benito
|
|
Batting: RHB Denis Rachin
|
0-0: Ball 1-0: Fly out, F7 (Flyball, 78M, EV 86.2 MPH)
|
Batting: LHB Adam Conover
|
0-0: Called Strike 0-1: Ball 1-1: Fly out, F7 (Flyball, 78M, EV 88.8 MPH)
|
Batting: RHB Hugo Torrez
|
0-0: Ground out 6-3 (Groundball, 6S, EV 88.8 MPH)
|
Bottom of the 8th over - 0 runs, 0 hits, 0 errors, 0 left on base; Hartford 9 - South Bend 8 |
TOP OF THE 9TH |
Hartford Yard Goats batting - Pitching for South Bend Cubs : LHP Tom Mooney
|
Pitching: RHP Jose Mata
|
|
Batting: SHB Craig Ruzic
|
0-0: Ball 1-0: Foul Ball, location: 2F 1-1: Ball 2-1: Called Strike 2-2: Ball 3-2: Foul Ball, location: 2F 3-2: Strikes out looking
|
Batting: RHB Manny Thompson
|
0-0: Foul Ball, location: 2F 0-1: Called Strike 0-2: Strikes out swinging
|
Batting: SHB Justin Jackson
|
0-0: Ball 1-0: Ground out 4-3 (Groundball, 4D, EV 91.2 MPH)
|
Top of the 9th over - 0 runs, 0 hits, 0 errors, 0 left on base; Hartford 9 - South Bend 8 |
BOTTOM OF THE 9TH |
South Bend Cubs batting - Pitching for Hartford Yard Goats : RHP Lorenzo Pacheco
|
Pitching: RHP Travis Palmisano
|
|
Batting: RHB Andy Huntley
|
0-0: DOUBLE (Line Drive, 78XD, EV 113.8 MPH)
|
Batting: LHB Kwang-chih Men
|
0-0: Ball 1-0: Foul Ball, location: 2F 1-1: Ball 2-1: Foul Ball, location: 2F 2-2: Ball 3-2: Strikes out swinging
|
Batting: RHB Taylor Garofalo
|
0-0: Ball 1-0: Ground out 6-3 (Groundball, 56, EV 103.1 MPH)
|
Batting: RHB Roy Battist
|
0-0: Called Strike 0-1: Ball 1-1: Ball 2-1: Swinging Strike 2-2: Foul Ball, location: 2F 2-2: Foul Ball, location: 2F 2-2: Ground out 4-3 (Groundball, 34, EV 96.9 MPH)
|
Bottom of the 9th over - 0 runs, 1 hit, 0 errors, 1 left on base; Hartford 9 - South Bend 8 |
|